TOP OF THE 1ST |
Miami Beach Marlins batting - Pitching for Kelowna Heat : LHP Chris Wrobel
|
Pitching: LHP Chris Wrobel
|
|
Batting: RHB Bill Atley
|
0-0: Foul Ball, location: 2F 0-1: Called Strike 0-2: Foul Ball, location: 2F 0-2: Ball 1-2: Foul Ball, location: 2F 1-2: Ball 2-2: Foul Ball, location: 2F 2-2: Ball 3-2: Ground out 6-3 (Groundball, 6, EV 87.5 MPH)
|
Batting: RHB Jim Smallwood
|
0-0: SINGLE (Groundball, 6MD, EV 96.9 MPH)
|
Batting: RHB Melvin Nava
|
0-0: Grounds into double play, 4-6-3 (Groundball, 4M, EV 106.2 MPH)
|
Top of the 1st over - 0 runs, 1 hit, 0 errors, 0 left on base; Miami Beach 0 - Kelowna 0 |
BOTTOM OF THE 1ST |
Kelowna Heat batting - Pitching for Miami Beach Marlins : RHP Alexis Sanchez
|
Pitching: RHP Alexis Sanchez
|
|
Batting: LHB Willy Berrios
|
0-0: Swinging Strike 0-1: Swinging Strike 0-2: Strikes out swinging
|
Batting: RHB Sean Gilbert
|
0-0: Ground out 6-3 (Groundball, 56D, EV 100.0 MPH)
|
Batting: LHB Billy Lang
|
0-0: Foul Ball, location: 2F 0-1: Called Strike 0-2: Fly out, F8 (Flyball, 8LM, EV 88.8 MPH)
|
Bottom of the 1st over - 0 runs, 0 hits, 0 errors, 0 left on base; Miami Beach 0 - Kelowna 0 |
TOP OF THE 2ND |
Miami Beach Marlins batting - Pitching for Kelowna Heat : LHP Chris Wrobel
|
Batting: SHB Emmet Brickowski
|
0-0: Ball 1-0: Called Strike 1-1: Foul Ball, location: 2F 1-2: Foul Ball, location: 2F 1-2: Ball 2-2: SINGLE (Flyball, 4D, EV 91.9 MPH)
|
Batting: RHB Mario Cota
|
0-0: Grounds into double play, 6-4-3 (Groundball, 56, EV 101.2 MPH)
|
Batting: LHB Henry Huezo
|
0-0: Ball 1-0: Called Strike 1-1: Foul Ball, location: 2F 1-2: Foul Ball, location: 2F 1-2: Strikes out swinging
|
Top of the 2nd over - 0 runs, 1 hit, 0 errors, 0 left on base; Miami Beach 0 - Kelowna 0 |
BOTTOM OF THE 2ND |
Kelowna Heat batting - Pitching for Miami Beach Marlins : RHP Alexis Sanchez
|
Batting: LHB Alex Larangho
|
0-0: Foul Ball, location: 2F 0-1: Ball 1-1: Called Strike 1-2: Ball 2-2: Ball 3-2: SINGLE (Groundball, 6MD, EV 103.8 MPH)
|
Batting: RHB Mike Storey
|
0-0: Ball 1-0: Ball 2-0: Called Strike 2-1: Called Strike 2-2: Strikes out swinging
|
Batting: SHB Michael Woodard
|
0-0: Ball 1-0: Reached on error, E6 (Groundball, 6, EV 81.9 MPH) Alex Larangho to second
|
Batting: LHB Robert Leary
|
0-0: Ball 1-0: Swinging Strike 1-1: Foul Ball, location: 2F 1-2: Strikes out swinging
|
Batting: RHB Glen Limeburner
|
0-0: Ball 1-0: Called Strike 1-1: Foul Ball, location: 2F 1-2: Strikes out swinging
|
Bottom of the 2nd over - 0 runs, 1 hit, 1 error, 2 left on base; Miami Beach 0 - Kelowna 0 |
TOP OF THE 3RD |
Miami Beach Marlins batting - Pitching for Kelowna Heat : LHP Chris Wrobel
|
Batting: RHB Timo Myers
|
0-0: Ball 1-0: Foul Ball, location: 2F 1-1: Ball 2-1: Foul Ball, location: 2F 2-2: Ball 3-2: Foul Ball, location: 2F 3-2: Strikes out looking
|
Batting: RHB Dustin Baker
|
0-0: Called Strike 0-1: Fly out, F8 (Flyball, 8LM, EV 93.8 MPH)
|
Batting: RHB Mike Day
|
0-0: Ball 1-0: Called Strike 1-1: Swinging Strike 1-2: Strikes out swinging
|
Top of the 3rd over - 0 runs, 0 hits, 0 errors, 0 left on base; Miami Beach 0 - Kelowna 0 |
BOTTOM OF THE 3RD |
Kelowna Heat batting - Pitching for Miami Beach Marlins : RHP Alexis Sanchez
|
Batting: RHB Joe Nelson
|
0-0: Ball 1-0: Ball 2-0: Called Strike 2-1: Foul Ball, location: 2F 2-2: Ground out 5-3 (Groundball, 56, EV 103.1 MPH)
|
Batting: LHB Willy Berrios
|
0-0: Called Strike 0-1: Ball 1-1: Fly out, F9 (Flyball, 9S, EV 88.8 MPH)
|
Batting: RHB Sean Gilbert
|
0-0: Fly out, F8 (Flyball, 8RD, EV 100.6 MPH)
|
Bottom of the 3rd over - 0 runs, 0 hits, 0 errors, 0 left on base; Miami Beach 0 - Kelowna 0 |
TOP OF THE 4TH |
Miami Beach Marlins batting - Pitching for Kelowna Heat : LHP Chris Wrobel
|
Batting: RHB Bill Atley
|
0-0: Swinging Strike 0-1: Foul Ball, location: 2F 0-2: Ball 1-2: Strikes out swinging
|
Batting: RHB Jim Smallwood
|
0-0: Ball 1-0: Foul Ball, location: 2F 1-1: Foul Ball, location: 2F 1-2: Ball 2-2: Ball 3-2: Foul Ball, location: 2F 3-2: Base on Balls
|
Batting: RHB Melvin Nava
|
0-0: Called Strike 0-1: Called Strike Jim Smallwood steals 2nd base 0-2: Fly out, F9 (Flyball, 89M, EV 96.2 MPH) Throwing error, E9 Jim Smallwood scores
|
Batting: SHB Emmet Brickowski
|
0-0: Called Strike 0-1: Swinging Strike 0-2: Strikes out looking
|
Top of the 4th over - 1 run, 0 hits, 1 error, 0 left on base; Miami Beach 1 - Kelowna 0 |
BOTTOM OF THE 4TH |
Kelowna Heat batting - Pitching for Miami Beach Marlins : RHP Alexis Sanchez
|
Batting: LHB Billy Lang
|
0-0: Called Strike 0-1: Swinging Strike 0-2: Ball 1-2: Ball 2-2: Ball 3-2: Foul Ball, location: 2F 3-2: Ground out 6-3 (Groundball, 6M, EV 108.1 MPH)
|
Batting: LHB Alex Larangho
|
0-0: Called Strike 0-1: Swinging Strike 0-2: Ball 1-2: Ball 2-2: Foul Ball, location: 2F 2-2: Ground out 4-3 (Groundball, 4, EV 78.1 MPH)
|
Batting: RHB Mike Storey
|
0-0: Ground out 5-3 (Groundball, 5S, EV 89.4 MPH)
|
Bottom of the 4th over - 0 runs, 0 hits, 0 errors, 0 left on base; Miami Beach 1 - Kelowna 0 |
TOP OF THE 5TH |
Miami Beach Marlins batting - Pitching for Kelowna Heat : LHP Chris Wrobel
|
Batting: RHB Mario Cota
|
0-0: Ball 1-0: Swinging Strike 1-1: Foul Ball, location: 2F 1-2: Ground out 6-3 (Groundball, 6, EV 85.6 MPH)
|
Batting: LHB Henry Huezo
|
0-0: Ball 1-0: Swinging Strike 1-1: Foul Ball, location: 2F 1-2: Ball 2-2: Strikes out looking
|
Batting: RHB Timo Myers
|
0-0: Ball 1-0: Ball 2-0: Called Strike 2-1: SINGLE (Groundball, 34D, EV 98.8 MPH)
|
Batting: RHB Dustin Baker
|
0-0: Ball 1-0: Ball 2-0: Ball 3-0: Base on Balls Timo Myers to second
|
Batting: RHB Mike Day
|
0-0: Called Strike 0-1: Ball 1-1: SINGLE (Groundball, 6S, EV 67.5 MPH) (infield hit) Timo Myers to third Dustin Baker to second
|
Batting: RHB Bill Atley
|
0-0: Called Strike 0-1: Ball 1-1: Ball 2-1: Ground out 5-3 (Groundball, 56, EV 101.9 MPH)
|
Top of the 5th over - 0 runs, 2 hits, 0 errors, 3 left on base; Miami Beach 1 - Kelowna 0 |
BOTTOM OF THE 5TH |
Kelowna Heat batting - Pitching for Miami Beach Marlins : RHP Alexis Sanchez
|
Batting: SHB Michael Woodard
|
0-0: Ball 1-0: Ball 2-0: Called Strike 2-1: Swinging Strike 2-2: Strikes out swinging
|
Batting: LHB Robert Leary
|
0-0: SOLO HOME RUN (Flyball, 9LD, EV 88.8 MPH), Distance : 329 ft
|
Batting: RHB Glen Limeburner
|
0-0: Called Strike 0-1: Ball 1-1: Called Strike 1-2: Foul Ball, location: 2F 1-2: Ground out 5-3 (Groundball, 56, EV 100.0 MPH)
|
Batting: RHB Joe Nelson
|
0-0: Fly out, F7 (Flyball, 7LM, EV 91.2 MPH)
|
Bottom of the 5th over - 1 run, 1 hit, 0 errors, 0 left on base; Miami Beach 1 - Kelowna 1 |
TOP OF THE 6TH |
Miami Beach Marlins batting - Pitching for Kelowna Heat : LHP Chris Wrobel
|
Batting: RHB Jim Smallwood
|
0-0: Fly out, F8 (Flyball, 8RXD, EV 85.6 MPH)
|
Batting: RHB Melvin Nava
|
0-0: Foul Ball, location: 2F 0-1: Called Strike 0-2: Ball 1-2: Ball 2-2: Foul Ball, location: 2F 2-2: Foul Ball, location: 2F 2-2: Foul Ball, location: 2F 2-2: DOUBLE (Flyball, 89D, EV 104.4 MPH)
|
Batting: SHB Emmet Brickowski
|
0-0: Intentional Walk
|
Batting: RHB Mario Cota
|
0-0: Ball 1-0: Foul Ball, location: 2F 1-1: Fly out, F9 (Flyball, 9, EV 85.0 MPH)
|
Batting: LHB Henry Huezo
|
0-0: Called Strike 0-1: Foul Ball, location: 2F 0-2: Ball 1-2: Strikes out looking
|
Top of the 6th over - 0 runs, 1 hit, 0 errors, 2 left on base; Miami Beach 1 - Kelowna 1 |
BOTTOM OF THE 6TH |
Kelowna Heat batting - Pitching for Miami Beach Marlins : RHP Alexis Sanchez
|
Batting: LHB Willy Berrios
|
0-0: Ball 1-0: Called Strike 1-1: Called Strike 1-2: Foul Ball, location: 2F 1-2: Strikes out looking
|
Batting: RHB Sean Gilbert
|
0-0: Foul Ball, location: 2F 0-1: Foul Ball, location: 2F 0-2: DOUBLE (Flyball, 89D, EV 93.8 MPH)
|
Batting: LHB Billy Lang
|
0-0: Called Strike 0-1: Foul Ball, location: 2F 0-2: Fly out, F7 (Line Drive, 7S, EV 90.0 MPH)
|
Batting: LHB Alex Larangho
|
0-0: Ball 1-0: Ball 2-0: Ball 3-0: Base on Balls
|
Batting: RHB Mike Storey
|
0-0: Foul Ball, location: 2F 0-1: Called Strike 0-2: Ball 1-2: Ball 2-2: Ball 3-2: Foul Ball, location: 2F 3-2: Foul Ball, location: 2F 3-2: Base on Balls Sean Gilbert to third Alex Larangho to second
|
Batting: SHB Michael Woodard
|
0-0: Foul Ball, location: 2F 0-1: Foul Ball, location: 2F 0-2: Foul Ball, location: 2F 0-2: Ball 1-2: Foul Ball, location: 2F 1-2: Ball 2-2: Ball 3-2: Base on Balls Sean Gilbert scores Alex Larangho to third Mike Storey to second
|
Batting: LHB Robert Leary
|
0-0: Ball 1-0: Called Strike 1-1: Ball 2-1: Swinging Strike 2-2: Fly out, F6 (Line Drive, 6M, EV 71.2 MPH)
|
Bottom of the 6th over - 1 run, 1 hit, 0 errors, 3 left on base; Miami Beach 1 - Kelowna 2 |
TOP OF THE 7TH |
Miami Beach Marlins batting - Pitching for Kelowna Heat : LHP Chris Wrobel
|
Pinch Hitting: RHB Scott Talbot
|
0-0: Called Strike 0-1: Foul Ball, location: 2F 0-2: Foul Ball, location: 2F 0-2: Foul Ball, location: 2F 0-2: Foul Ball, location: 2F 0-2: Ball 1-2: Ball 2-2: Ball 3-2: Fly out, F8 (Flyball, 8RD, EV 102.5 MPH)
|
Batting: RHB Troy Bush
|
0-0: Called Strike 0-1: Swinging Strike 0-2: Strikes out looking
|
Batting: RHB Mike Day
|
0-0: Fly out, F7 (Flyball, 78D, EV 96.9 MPH)
|
Top of the 7th over - 0 runs, 0 hits, 0 errors, 0 left on base; Miami Beach 1 - Kelowna 2 |
BOTTOM OF THE 7TH |
Kelowna Heat batting - Pitching for Miami Beach Marlins : RHP Alexis Sanchez
|
Now at 2B: Scott Talbot
|
|
Now at 3B: Emmet Brickowski
|
|
Batting: RHB Glen Limeburner
|
0-0: Called Strike 0-1: Foul Ball, location: 2F 0-2: Ball 1-2: Ball 2-2: Ball 3-2: Base on Balls
|
Batting: RHB Joe Nelson
|
0-0: SINGLE (Groundball, 4D, EV 103.1 MPH) Glen Limeburner to second Runner from 2nd tries for 3rd, OUT! 8-5
|
Pitching: RHP Franklin Vazquez
|
|
Batting: LHB Willy Berrios
|
0-0: Foul Ball, location: 2F 0-1: Foul Ball, location: 2F 0-2: Ball 1-2: Fly out, F8 (Flyball, 8LD, EV 107.5 MPH)
|
Batting: RHB Sean Gilbert
|
0-0: Called Strike 0-1: Swinging Strike 0-2: Strikes out looking
|
Bottom of the 7th over - 0 runs, 1 hit, 0 errors, 1 left on base; Miami Beach 1 - Kelowna 2 |
TOP OF THE 8TH |
Miami Beach Marlins batting - Pitching for Kelowna Heat : LHP Chris Wrobel
|
Pitching: RHP Wally Dethridge
|
|
Batting: RHB Bill Atley
|
0-0: Ball 1-0: Called Strike 1-1: Ball 2-1: Ball 3-1: Called Strike 3-2: Foul Ball, location: 2F 3-2: Base on Balls
|
Batting: RHB Jim Smallwood
|
0-0: Ball 1-0: Foul Ball, location: 2F 1-1: Ball 2-1: SINGLE (Groundball, 4MD, EV 95.6 MPH) Bill Atley to second Runner from 2nd tries for 3rd, SAFE, throw by CF made to third
|
Batting: RHB Melvin Nava
|
0-0: Called Strike 0-1: Foul Ball, location: 2F 0-2: Ball 1-2: SINGLE (Groundball, 6MD, EV 103.8 MPH) Bill Atley scores Jim Smallwood to second
|
Pitching: RHP Phil Berry
|
|
Batting: SHB Emmet Brickowski
|
0-0: Ball 1-0: Ball 2-0: Foul Ball, location: 2F 2-1: SINGLE (Line Drive, 7S, EV 96.9 MPH) Jim Smallwood to third Melvin Nava to second
|
Pinch Hitting: LHB Luis Ortegon
|
0-0: Ball 1-0: Foul Ball, location: 2F 1-1: Foul Ball, location: 2F 1-2: Ball 2-2: Foul Ball, location: 2F 2-2: Ball 3-2: Foul Ball, location: 2F 3-2: GRAND SLAM HOME RUN (Flyball, 9LD, EV 98.8 MPH), Distance : 348 ft
|
Batting: LHB Henry Huezo
|
0-0: Foul Ball, location: 2F 0-1: SINGLE (Groundball, 4MD, EV 100.0 MPH)
|
Batting: RHB Scott Talbot
|
0-0: Ground out 5-3 (Groundball, 56S, EV 66.9 MPH) Henry Huezo to second
|
Batting: RHB Troy Bush
|
0-0: Intentional Walk
|
Batting: RHB Mike Day
|
0-0: Ball 1-0: Ball 2-0: Called Strike Henry Huezo steals 3rd base 2-1: SINGLE (Line Drive, 9LM, EV 105.6 MPH) Henry Huezo scores Troy Bush to second
|
Pitching: RHP Matt Gibson
|
|
Batting: RHB Bill Atley
|
0-0: Ball 1-0: Fly out, F7 (Flyball, 7D, EV 102.5 MPH) Runner from 2nd tags up, SAFE at 3rd, no throw by LF
|
Batting: RHB Jim Smallwood
|
0-0: Ball 1-0: Ball 2-0: Ball 3-0: Called Strike 3-1: SINGLE (Groundball, 56S, EV 68.1 MPH) (infield hit) Troy Bush scores Mike Day to second
|
Batting: RHB Melvin Nava
|
0-0: Ball 1-0: Ball 2-0: Ball 3-0: Called Strike 3-1: Called Strike 3-2: Base on Balls Mike Day to third Jim Smallwood to second
|
Batting: SHB Emmet Brickowski
|
0-0: Ball 1-0: Foul Ball, location: 2F 1-1: Ball 2-1: Swinging Strike 2-2: Foul Ball, location: 2F 2-2: Ball 3-2: Fly out, F3 (Line Drive, 34, EV 60.0 MPH)
|
Top of the 8th over - 7 runs, 7 hits, 0 errors, 3 left on base; Miami Beach 8 - Kelowna 2 |
BOTTOM OF THE 8TH |
Kelowna Heat batting - Pitching for Miami Beach Marlins : RHP Franklin Vazquez
|
Now at C: Wen-huan Zhu
|
|
Batting: LHB Billy Lang
|
0-0: Foul Ball, location: 2F 0-1: Ball 1-1: Fly out, F7 (Flyball, 78S, EV 88.1 MPH)
|
Batting: LHB Alex Larangho
|
0-0: Called Strike 0-1: Ball 1-1: Called Strike 1-2: Foul Ball, location: 2F 1-2: Strikes out swinging
|
Batting: RHB Mike Storey
|
0-0: Ball 1-0: Called Strike 1-1: Ball 2-1: Swinging Strike 2-2: Strikes out swinging
|
Bottom of the 8th over - 0 runs, 0 hits, 0 errors, 0 left on base; Miami Beach 8 - Kelowna 2 |
TOP OF THE 9TH |
Miami Beach Marlins batting - Pitching for Kelowna Heat : RHP Matt Gibson
|
Pinch Hitting: SHB Brent King
|
0-0: Foul Ball, location: 2F 0-1: Ball 1-1: Foul Ball, location: 2F 1-2: Ball 2-2: Ball 3-2: Fly out, F7 (Flyball, 7, EV 90.0 MPH)
|
Batting: LHB Henry Huezo
|
0-0: Fly out, F7 (Flyball, 78M, EV 91.2 MPH)
|
Batting: RHB Scott Talbot
|
0-0: Ball 1-0: Ball 2-0: Ball 3-0: Base on Balls
|
Pitching: RHP Alex de la Cruz
|
|
Batting: RHB Troy Bush
|
0-0: Swinging Strike 0-1: Ball 1-1: Ball 2-1: SINGLE (Line Drive, 8LS, EV 99.4 MPH) Scott Talbot to second Runner from 2nd tries for 3rd, SAFE, throw by CF made to third
|
Batting: RHB Mike Day
|
0-0: SINGLE (Flyball, 89S, EV 90.6 MPH) Scott Talbot scores Troy Bush to second
|
Batting: RHB Bill Atley
|
0-0: Foul Ball, location: 2F 0-1: Foul Ball, location: 2F 0-2: Foul Ball, location: 2F 0-2: Ball 1-2: Ball 2-2: SINGLE (Groundball, 56, EV 100.6 MPH) (infield hit) Troy Bush to third Mike Day to second
|
Pinch Hitting: RHB Cody Leonard
|
0-0: Swinging Strike 0-1: Ball 1-1: Ball 2-1: Ball 3-1: Called Strike 3-2: SINGLE (Flyball, 89S, EV 91.9 MPH) Troy Bush scores Mike Day to third Bill Atley to second Mike Day scores Bill Atley to third
|
Pinch Hitting: RHB Isaiah Lyons
|
0-0: Hit by Pitch Cody Leonard to second
|
Batting: SHB Emmet Brickowski
|
0-0: Foul Ball, location: 2F 0-1: Ball 1-1: Called Strike 1-2: Foul Ball, location: 2F 1-2: Ball 2-2: Ball 3-2: Foul Ball, location: 2F 3-2: Fly out, F8 (Flyball, 8LM, EV 77.5 MPH)
|
Top of the 9th over - 3 runs, 4 hits, 0 errors, 3 left on base; Miami Beach 11 - Kelowna 2 |
BOTTOM OF THE 9TH |
Kelowna Heat batting - Pitching for Miami Beach Marlins : RHP Franklin Vazquez
|
Now at C: Isaiah Lyons
|
|
Now at 1B: Brent King
|
|
Now in LF: Cody Leonard
|
|
Now in CF: Henry Huezo
|
|
Batting: SHB Michael Woodard
|
0-0: Ball 1-0: DOUBLE (Line Drive, 9LD, EV 111.2 MPH)
|
Pinch Hitting: RHB Joey Black
|
0-0: Foul Ball, location: 2F 0-1: Foul Ball, location: 2F 0-2: Ball 1-2: Strikes out swinging
|
Pinch Hitting: RHB Jose Sanchez
|
0-0: Swinging Strike 0-1: Ball 1-1: Foul Ball, location: 2F 1-2: Strikes out swinging
|
Pinch Hitting: LHB Ricardo Torres
|
0-0: Swinging Strike 0-1: Ball 1-1: Foul Ball, location: 2F 1-2: Strikes out swinging
|
Bottom of the 9th over - 0 runs, 1 hit, 0 errors, 1 left on base; Miami Beach 11 - Kelowna 2 |
|